TOP OF THE 1ST |
Kane County Cougars batting - Pitching for Hartford Yard Goats : LHP Jim McCutcheon
|
Pitching: LHP Jim McCutcheon
|
|
Batting: LHB Tim West
|
0-0: Swinging Strike 0-1: Ball 1-1: Foul Ball, location: 2F 1-2: Foul Ball, location: 2F 1-2: Ball 2-2: Strikes out swinging
|
Batting: RHB Hector Torres
|
0-0: Foul Ball, location: 2F 0-1: Ball 1-1: Ball 2-1: Foul Ball, location: 2F 2-2: Foul Ball, location: 2F 2-2: Strikes out swinging
|
Batting: LHB Phil Lomax
|
0-0: Foul Ball, location: 2F 0-1: Ball 1-1: Foul Ball, location: 2F 1-2: Fly out, F7 (Flyball, 7D, EV 81.9 MPH)
|
Top of the 1st over - 0 runs, 0 hits, 0 errors, 0 left on base; Kane County 0 - Hartford 0 |
BOTTOM OF THE 1ST |
Hartford Yard Goats batting - Pitching for Kane County Cougars : RHP Aaron Saenz
|
Pitching: RHP Aaron Saenz
|
|
Batting: RHB Hyeong-uk Lyang
|
0-0: Ball 1-0: Ball 2-0: Ball 3-0: Base on Balls
|
Batting: RHB Izzy Ramirez
|
0-0: Called Strike 0-1: Ball 1-1: Ball 2-1: Foul Ball, location: 2F 2-2: Foul Ball, location: 2F 2-2: Ball 3-2: Grounds into double play, 6-4-3 (Groundball, 6D, EV 110.0 MPH)
|
Batting: LHB Elijah Black
|
0-0: Ball 1-0: Ball 2-0: Ball 3-0: Base on Balls
|
Batting: LHB Dan Sullivan
|
0-0: Ball 1-0: Ball 2-0: Foul Ball, location: 2F 2-1: Foul Ball, location: 2F 2-2: Foul Ball, location: 2F 2-2: Ball Elijah Black steals 2nd base 3-2: Hit by Pitch
|
Batting: LHB Danny Madrid
|
0-0: Called Strike 0-1: Ball 1-1: Fly out, F7 (Flyball, 78M, EV 86.9 MPH)
|
Bottom of the 1st over - 0 runs, 0 hits, 0 errors, 2 left on base; Kane County 0 - Hartford 0 |
TOP OF THE 2ND |
Kane County Cougars batting - Pitching for Hartford Yard Goats : LHP Jim McCutcheon
|
Batting: LHB Bill Glenn
|
0-0: Foul Ball, location: 2F 0-1: Swinging Strike 0-2: Ball 1-2: Ball 2-2: Foul Ball, location: 2F 2-2: Ground out U3 (Groundball, 34, EV 84.4 MPH)
|
Batting: RHB Hang-ki Yin
|
0-0: Foul Ball, location: 2F 0-1: Called Strike 0-2: Ball 1-2: Strikes out swinging
|
Batting: RHB Mike States
|
0-0: Called Strike 0-1: Swinging Strike 0-2: Ball 1-2: Strikes out swinging
|
Top of the 2nd over - 0 runs, 0 hits, 0 errors, 0 left on base; Kane County 0 - Hartford 0 |
BOTTOM OF THE 2ND |
Hartford Yard Goats batting - Pitching for Kane County Cougars : RHP Aaron Saenz
|
Batting: LHB Robert Watson
|
0-0: Ball 1-0: Called Strike 1-1: Ball 2-1: Foul Ball, location: 2F 2-2: Ball 3-2: Base on Balls
|
Batting: RHB Kyle Gilmore
|
0-0: Ball 1-0: Ball Robert Watson steals 2nd base 2-0: Ball 3-0: Called Strike 3-1: Base on Balls
|
Batting: RHB Tom Caruso
|
0-0: Called Strike 0-1: Ball 1-1: Ball 2-1: Ball 3-1: Foul Ball, location: 2F 3-2: SINGLE (Groundball, 56S, EV 66.9 MPH) (infield hit) Robert Watson to third Kyle Gilmore to second
|
Batting: LHB Jim McCutcheon
|
0-0: Ball 1-0: Ball 2-0: Grounds into double play, 4-2-3 (Groundball, 4, EV 110.6 MPH) Kyle Gilmore to third Tom Caruso to second
|
Batting: RHB Hyeong-uk Lyang
|
0-0: Ball 1-0: Called Strike 1-1: Called Strike 1-2: Ball 2-2: Ball 3-2: Base on Balls
|
Batting: RHB Izzy Ramirez
|
0-0: Ball Passed Ball! Kyle Gilmore scores Tom Caruso to third Hyeong-uk Lyang to second 1-0: Called Strike 1-1: Ground out U3 (Groundball, 3S, EV 88.1 MPH)
|
Bottom of the 2nd over - 1 run, 1 hit, 0 errors, 2 left on base; Kane County 0 - Hartford 1 |
TOP OF THE 3RD |
Kane County Cougars batting - Pitching for Hartford Yard Goats : LHP Jim McCutcheon
|
Batting: LHB Rob Turney
|
0-0: Foul Ball, location: 2F 0-1: Foul Ball, location: 2F 0-2: Strikes out swinging
|
Batting: RHB Jim Whittaker
|
0-0: Swinging Strike 0-1: Ball 1-1: Ball 2-1: Called Strike 2-2: Strikes out swinging
|
Batting: RHB Aaron Saenz
|
0-0: Foul Ball, location: 2F 0-1: Ball 1-1: Called Strike 1-2: Strikes out swinging
|
Top of the 3rd over - 0 runs, 0 hits, 0 errors, 0 left on base; Kane County 0 - Hartford 1 |
BOTTOM OF THE 3RD |
Hartford Yard Goats batting - Pitching for Kane County Cougars : RHP Aaron Saenz
|
Batting: LHB Elijah Black
|
0-0: Ball 1-0: Foul Ball, location: 2F 1-1: Fly out, F5 (Line Drive, 5, EV 64.4 MPH)
|
Batting: LHB Dan Sullivan
|
0-0: Foul Ball, location: 2F 0-1: Ball 1-1: Ball 2-1: Called Strike 2-2: SOLO HOME RUN (Flyball, 9D, EV 90.6 MPH), Distance : 403 ft
|
Batting: LHB Danny Madrid
|
0-0: Ball 1-0: Foul Ball, location: 2F 1-1: Ball 2-1: Foul Ball, location: 2F 2-2: Ball 3-2: DOUBLE (Line Drive, 78XD, EV 109.4 MPH)
|
Batting: LHB Robert Watson
|
0-0: Foul Ball, location: 2F 0-1: Ball 1-1: Foul Ball, location: 2F 1-2: Foul Ball, location: 2F 1-2: Ball 2-2: Foul Ball, location: 2F 2-2: SINGLE (Groundball, 25, EV 66.3 MPH) (infield hit) Danny Madrid to third
|
Batting: RHB Kyle Gilmore
|
0-0: Ball Robert Watson steals 2nd, throwing error, E2 Danny Madrid scores Robert Watson to third 1-0: Foul Ball, location: 2F 1-1: Called Strike 1-2: Ball 2-2: Ball 3-2: Ground out 6-3 (Groundball, 6, EV 86.3 MPH) Robert Watson scores
|
Batting: RHB Tom Caruso
|
0-0: Swinging Strike 0-1: Called Strike 0-2: Ball 1-2: DOUBLE (Groundball, 5L, EV 101.3 MPH)
|
Batting: LHB Jim McCutcheon
|
0-0: Ball 1-0: Ball 2-0: Ground out 6-3 (Groundball, 6, EV 84.4 MPH)
|
Bottom of the 3rd over - 3 runs, 4 hits, 1 error, 1 left on base; Kane County 0 - Hartford 4 |
TOP OF THE 4TH |
Kane County Cougars batting - Pitching for Hartford Yard Goats : LHP Jim McCutcheon
|
Batting: LHB Tim West
|
0-0: Ball 1-0: Swinging Strike 1-1: Called Strike 1-2: Foul Ball, location: 2F 1-2: Strikes out looking
|
Batting: RHB Hector Torres
|
0-0: Ball 1-0: Ground out 4-3 (Groundball, 4, EV 102.5 MPH)
|
Batting: LHB Phil Lomax
|
0-0: Ground out U3 (Groundball, 3S, EV 87.5 MPH)
|
Top of the 4th over - 0 runs, 0 hits, 0 errors, 0 left on base; Kane County 0 - Hartford 4 |
BOTTOM OF THE 4TH |
Hartford Yard Goats batting - Pitching for Kane County Cougars : RHP Aaron Saenz
|
Pitching: LHP Alberto Vega
|
|
Batting: RHB Hyeong-uk Lyang
|
0-0: Called Strike 0-1: SINGLE (Groundball, 4MS, EV 67.5 MPH) (infield hit)
|
Batting: RHB Izzy Ramirez
|
0-0: Called Strike Hyeong-uk Lyang steals 2nd base 0-1: Ball 1-1: Ball 2-1: 2-RUN HOME RUN (Flyball, 89XD, EV 109.4 MPH), Distance : 409 ft
|
Batting: LHB Elijah Black
|
0-0: Ball 1-0: Called Strike 1-1: Ball 2-1: Ball 3-1: Base on Balls
|
Batting: LHB Dan Sullivan
|
0-0: Called Strike 0-1: Ball 1-1: Foul Ball, location: 2F 1-2: Ground out 6-3 (Groundball, 4, EV 81.9 MPH) Elijah Black to second
|
Batting: LHB Danny Madrid
|
0-0: Foul Ball, location: 2F 0-1: Ball 1-1: Foul Ball, location: 2F 1-2: Foul Ball, location: 2F 1-2: Ground out 5-3 (Groundball, 56S, EV 78.1 MPH)
|
Batting: LHB Robert Watson
|
0-0: Ground out 2-3 (Groundball, 13S, EV 71.9 MPH)
|
Bottom of the 4th over - 2 runs, 2 hits, 0 errors, 1 left on base; Kane County 0 - Hartford 6 |
TOP OF THE 5TH |
Kane County Cougars batting - Pitching for Hartford Yard Goats : LHP Jim McCutcheon
|
Batting: LHB Bill Glenn
|
0-0: Ball 1-0: Ball 2-0: Foul Ball, location: 2F 2-1: Foul Ball, location: 2F 2-2: Ground out 4-3 (Groundball, 4, EV 99.4 MPH)
|
Batting: RHB Hang-ki Yin
|
0-0: Ball 1-0: Ball 2-0: Hit by Pitch
|
Batting: RHB Mike States
|
0-0: Ball 1-0: Called Strike 1-1: Grounds into double play, 4-6-3 (Groundball, 4, EV 79.4 MPH)
|
Top of the 5th over - 0 runs, 0 hits, 0 errors, 0 left on base; Kane County 0 - Hartford 6 |
BOTTOM OF THE 5TH |
Hartford Yard Goats batting - Pitching for Kane County Cougars : LHP Alberto Vega
|
Batting: RHB Kyle Gilmore
|
0-0: Called Strike 0-1: Foul Ball, location: 2F 0-2: Ball 1-2: DOUBLE (Flyball, 8RXD, EV 110.6 MPH)
|
Batting: RHB Tom Caruso
|
0-0: Ball 1-0: SINGLE (Line Drive, 9S, EV 103.1 MPH) Kyle Gilmore to third Runner from 3rd tries for Home, SAFE, throw by RF to home Tom Caruso to second
|
Batting: LHB Jim McCutcheon
|
0-0: Ball 1-0: Bunt missed! 1-1: Bunted foul 1-2: Sac Bunt to 23 - play at first, batter OUT! 3-4 Tom Caruso to third
|
Batting: RHB Hyeong-uk Lyang
|
0-0: Swinging Strike 0-1: Swinging Strike 0-2: Strikes out looking
|
Batting: RHB Izzy Ramirez
|
0-0: Called Strike 0-1: Ball 1-1: Swinging Strike 1-2: Ball 2-2: Foul Ball, location: 2F 2-2: Ball 3-2: Foul Ball, location: 2F 3-2: Base on Balls
|
Batting: LHB Elijah Black
|
0-0: Ball 1-0: Ball 2-0: Called Strike 2-1: SINGLE (Groundball, 25, EV 73.1 MPH) (infield hit) Tom Caruso scores Izzy Ramirez to second
|
Batting: LHB Dan Sullivan
|
0-0: Called Strike 0-1: Ball 1-1: Fly out, F9 (Line Drive, 9D, EV 91.9 MPH)
|
Bottom of the 5th over - 2 runs, 3 hits, 0 errors, 2 left on base; Kane County 0 - Hartford 8 |
TOP OF THE 6TH |
Kane County Cougars batting - Pitching for Hartford Yard Goats : LHP Jim McCutcheon
|
Batting: LHB Rob Turney
|
0-0: Ball 1-0: Ground out 6-3 (Groundball, 6, EV 101.3 MPH)
|
Batting: RHB Jim Whittaker
|
0-0: Ground out 4-3 (Groundball, 4M, EV 88.1 MPH)
|
Pinch Hitting: LHB Matt Marquis
|
0-0: Foul Ball, location: 2F 0-1: Ball 1-1: Called Strike 1-2: Ball 2-2: Ball 3-2: Strikes out looking
|
Top of the 6th over - 0 runs, 0 hits, 0 errors, 0 left on base; Kane County 0 - Hartford 8 |
BOTTOM OF THE 6TH |
Hartford Yard Goats batting - Pitching for Kane County Cougars : LHP Alberto Vega
|
Pitching: RHP Frank Coady
|
|
Batting: LHB Danny Madrid
|
0-0: Ball 1-0: Called Strike 1-1: Ball 2-1: Foul Ball, location: 2F 2-2: Ball 3-2: Foul Ball, location: 2F 3-2: Foul Ball, location: 2F 3-2: SOLO HOME RUN (Flyball, 9D, EV 95.0 MPH), Distance : 394 ft
|
Batting: LHB Robert Watson
|
0-0: Called Strike 0-1: Ball 1-1: Ball 2-1: Swinging Strike 2-2: Ball 3-2: Foul Ball, location: 2F 3-2: Foul Ball, location: 2F 3-2: Base on Balls
|
Batting: RHB Kyle Gilmore
|
0-0: Ball 1-0: Called Strike 1-1: SINGLE (Groundball, 56D, EV 98.1 MPH) Robert Watson to second
|
Batting: RHB Tom Caruso
|
0-0: Ball 1-0: Ball 2-0: Ground out 5-3 (Groundball, 56S, EV 71.3 MPH) Robert Watson to third Kyle Gilmore to second
|
Batting: LHB Jim McCutcheon
|
0-0: Called Strike 0-1: Ball 1-1: Called Strike 1-2: Foul Ball, location: 2F 1-2: Ground out 5-3 (Groundball, 56, EV 84.4 MPH) Robert Watson scores
|
Batting: RHB Hyeong-uk Lyang
|
0-0: Ground out 4-3 (Groundball, 4, EV 87.5 MPH)
|
Bottom of the 6th over - 2 runs, 2 hits, 0 errors, 1 left on base; Kane County 0 - Hartford 10 |
TOP OF THE 7TH |
Kane County Cougars batting - Pitching for Hartford Yard Goats : LHP Jim McCutcheon
|
Batting: LHB Tim West
|
0-0: Ball 1-0: Foul Ball, location: 2F 1-1: Foul Ball, location: 2F 1-2: Ball 2-2: Strikes out swinging, 2-3 out at first.
|
Batting: RHB Hector Torres
|
0-0: Ball 1-0: Foul Ball, location: 2F 1-1: Ball 2-1: Swinging Strike 2-2: Strikes out swinging
|
Batting: LHB Phil Lomax
|
0-0: Ball 1-0: Ball 2-0: Called Strike 2-1: Ball 3-1: Foul Ball, location: 2F 3-2: Foul Ball, location: 2F 3-2: Fly out, F8 (Line Drive, 8RD, EV 92.5 MPH)
|
Top of the 7th over - 0 runs, 0 hits, 0 errors, 0 left on base; Kane County 0 - Hartford 10 |
BOTTOM OF THE 7TH |
Hartford Yard Goats batting - Pitching for Kane County Cougars : RHP Frank Coady
|
Batting: RHB Izzy Ramirez
|
0-0: Called Strike 0-1: Ball 1-1: Foul Ball, location: 2F 1-2: Foul Ball, location: 2F 1-2: Foul Ball, location: 2F 1-2: Foul Ball, location: 2F 1-2: Ball 2-2: Fly out, F7 (Flyball, 7, EV 89.4 MPH)
|
Batting: LHB Elijah Black
|
0-0: Ball 1-0: Called Strike 1-1: Swinging Strike 1-2: Ball 2-2: Ball 3-2: Base on Balls
|
Pitching: RHP Omar Cruz
|
|
Batting: LHB Dan Sullivan
|
0-0: Ball 1-0: Fly out, F8 (Flyball, 8LXD, EV 105.6 MPH)
|
Batting: LHB Danny Madrid
|
0-0: Ball 1-0: Called Strike 1-1: Ball 2-1: Fly out, F7 (Flyball, 78M, EV 90.6 MPH)
|
Bottom of the 7th over - 0 runs, 0 hits, 0 errors, 1 left on base; Kane County 0 - Hartford 10 |
TOP OF THE 8TH |
Kane County Cougars batting - Pitching for Hartford Yard Goats : LHP Jim McCutcheon
|
Batting: LHB Bill Glenn
|
0-0: Ball 1-0: Ball 2-0: Ball 3-0: Called Strike 3-1: Foul Ball, location: 2F 3-2: Strikes out swinging
|
Batting: RHB Hang-ki Yin
|
0-0: DOUBLE (Groundball, 5L, EV 104.4 MPH)
|
Batting: RHB Mike States
|
0-0: SINGLE (Line Drive, 6M, EV 102.5 MPH) Hang-ki Yin to third
|
Batting: LHB Rob Turney
|
0-0: Ball 1-0: Foul Ball, location: 2F 1-1: Fly out, F5 (Line Drive, 5, EV 68.8 MPH)
|
Batting: RHB Jim Whittaker
|
0-0: Swinging Strike 0-1: Ground out 4-3 (Groundball, 34D, EV 92.5 MPH)
|
Top of the 8th over - 0 runs, 2 hits, 0 errors, 2 left on base; Kane County 0 - Hartford 10 |
BOTTOM OF THE 8TH |
Hartford Yard Goats batting - Pitching for Kane County Cougars : RHP Omar Cruz
|
Batting: LHB Robert Watson
|
0-0: Ball 1-0: Foul Ball, location: 2F 1-1: Ball 2-1: SINGLE (Flyball, 78S, EV 90.6 MPH)
|
Batting: RHB Kyle Gilmore
|
0-0: Called Strike 0-1: Called Strike 0-2: Ball 1-2: SINGLE (Line Drive, 5D, EV 94.4 MPH) Robert Watson to second
|
Batting: RHB Tom Caruso
|
0-0: Called Strike 0-1: Ball 1-1: Called Strike 1-2: Foul Ball, location: 2F 1-2: Ball Wild Pitch! Robert Watson to third Kyle Gilmore to second 2-2: Ball 3-2: Foul Ball, location: 2F 3-2: Fly out, F7 (Flyball, 7LS, EV 86.3 MPH)
|
Batting: LHB Jim McCutcheon
|
0-0: Called Strike 0-1: Ball 1-1: SINGLE (Groundball, 6MD, EV 101.9 MPH) Robert Watson scores Kyle Gilmore to third
|
Batting: RHB Hyeong-uk Lyang
|
0-0: Called Strike 0-1: Foul Ball, location: 2F 0-2: Ball 1-2: Ball 2-2: Foul Ball, location: 2F 2-2: Ball 3-2: Fielders Choice at 2nd, 5-4 (Groundball, 56, EV 81.9 MPH) Kyle Gilmore scores
|
Batting: RHB Izzy Ramirez
|
0-0: Ball 1-0: Ball 2-0: Foul Ball, location: 2F 2-1: Ball 3-1: Foul Ball, location: 2F 3-2: Base on Balls Hyeong-uk Lyang to second
|
Batting: LHB Elijah Black
|
0-0: Foul Ball, location: 2F 0-1: Ball 1-1: SINGLE (Line Drive, 9S, EV 93.1 MPH) Hyeong-uk Lyang to third Izzy Ramirez to second Runner from 3rd tries for Home, SAFE, throw by RF to home
|
Batting: LHB Dan Sullivan
|
0-0: Called Strike 0-1: Foul Ball, location: 2F 0-2: Ball 1-2: Strikes out swinging
|
Bottom of the 8th over - 3 runs, 4 hits, 0 errors, 2 left on base; Kane County 0 - Hartford 13 |
TOP OF THE 9TH |
Kane County Cougars batting - Pitching for Hartford Yard Goats : LHP Jim McCutcheon
|
Pinch Hitting: LHB Brandon Cox
|
0-0: Called Strike 0-1: Ball 1-1: Called Strike 1-2: Ground out 1-3 (Groundball, 13S, EV 70.0 MPH)
|
Batting: LHB Tim West
|
0-0: Called Strike 0-1: Ground out 4-3 (Groundball, 4, EV 100.0 MPH)
|
Batting: RHB Hector Torres
|
0-0: Called Strike 0-1: Foul Ball, location: 2F 0-2: SINGLE (Line Drive, 6D, EV 106.9 MPH)
|
Batting: LHB Phil Lomax
|
0-0: Foul Ball, location: 2F 0-1: Ball 1-1: Called Strike 1-2: Ball 2-2: Foul Ball, location: 2F 2-2: SINGLE (Groundball, 4MD, EV 95.6 MPH) Hector Torres to second
|
Pitching: RHP Andy Forrest
|
|
Batting: LHB Bill Glenn
|
0-0: Called Strike 0-1: Foul Ball, location: 2F 0-2: Foul Ball, location: 2F 0-2: Ball 1-2: Ball 2-2: Ground out 4-3 (Groundball, 34, EV 84.4 MPH)
|
Top of the 9th over - 0 runs, 2 hits, 0 errors, 2 left on base; Kane County 0 - Hartford 13 |
|